 Dungeon Crawl Stone Soup version 0.18.1-48-g4cf74bf (webtiles) character file.

36668 Jerry the Destroyer (level 13, -1/103 HPs)
             Began as a Demonspawn Fire Elementalist on Aug 15, 2016.
             Was a High Priest of Vehumet.
             Slain by a seven-headed hydra (3 damage)
             ... on level 8 of the Lair of Beasts.
             The game lasted 02:48:26 (20133 turns).

Jerry the Destroyer (Demonspawn Fire Elementalist) Turns: 20133, Time: 02:48:27

Health: -1/103     AC:  8    Str: 12    XL:     13   Next: 54%
Magic:  26/34      EV: 17    Int: 21    God:    Vehumet [*****.]
Gold:   1209       SH:  0    Dex: 14    Spells: 6 memorised, 3 levels left

rFire  + . .     SeeInvis .     Q - staff of energy
rCold  + . .     Gourm    .     Y - +0 robe of Aciduep {rC++}
rNeg   . . .     Faith    .     (no shield)
rPois  +         Spirit   .     (helmet restricted)
rElec  .         Dismiss  .     w - +1 cloak {rPois}
rCorr  .         Reflect  .     e - +2 pair of gloves {Str+3}
SustAt .         Harm     .     r - +0 pair of boots {Stlth+}
MR     .....                    g - amulet of magic regeneration
Stlth  +++++.....               y - ring of fire
                                H - ring of magical power

@: about to teleport, not resistant to hostile enchantments, quite stealthy
A: claws 2, horns 2, talons 2, nightstalker 2, spiny 2
a: Renounce Religion


You were on level 8 of the Lair of Beasts.
You worshipped Vehumet.
Vehumet was extremely pleased with you.
You were hungry.

You visited 3 branches of the dungeon, and saw 19 of its levels.
You also visited: Labyrinth and Sewer.

You collected 1209 gold pieces.

Inventory:

Hand Weapons
 x - a +3 quarterstaff of chaos
 C - a +0 blowgun
Missiles
 D - 70 poisoned needles
Armour
 e - a +2 pair of gloves of strength (worn)
 r - a +0 pair of boots of stealth (worn)
 w - a +1 cloak of poison resistance (worn)
 Y - the +0 robe of Aciduep (worn) {rC++}
   (You found it on level 9 of the Dungeon)

   It greatly protects you from cold.
Magical Staves
 N - an uncursed staff of power
 Q - an uncursed staff of energy (weapon)
Jewellery
 g - an amulet of magic regeneration (around neck)
 l - an uncursed ring of protection from cold
 y - a ring of fire (right hand)
 H - a ring of magical power (left hand)
Wands
 a - a wand of acid (10/15)
 h - a wand of enslavement (7/24)
 K - a wand of lightning (11/15)
 U - a wand of teleportation (6/9)
 X - a wand of iceblast (6/15)
 Z - a wand of flame (37/48)
Scrolls
 f - 14 scrolls of identify
 k - a scroll of remove curse
 m - a scroll of fear
 n - a scroll of vulnerability {unknown}
 o - 6 scrolls of recharging
 v - 4 scrolls of fog
 z - 4 scrolls of immolation
 A - 4 scrolls of enchant armour
 F - 2 scrolls of magic mapping
 T - 2 scrolls of teleportation
 V - 2 scrolls of blinking
Potions
 d - 5 potions of lignification
 i - a potion of cure mutation
 j - 5 potions of agility
 p - a potion of flight
 q - 12 potions of curing
 s - 5 potions of brilliance
 t - 5 potions of might
 u - 4 potions of berserk rage
 B - 3 potions of heal wounds
 I - a potion of invisibility
 L - 2 potions of resistance {unknown}
 O - a potion of haste {unknown}
 P - a potion of cancellation
 R - a potion of ambrosia
Books
 b - a book of Flames

   Spells                             Type                      Level
   a - Flame Tongue                   Conjuration/Fire             1
   b - Throw Flame                    Conjuration/Fire             2
   c - Conjure Flame                  Conjuration/Fire             3
   d - Inner Flame                    Hexes/Fire                   3
   e - Sticky Flame                   Conjuration/Fire             4
   f - Fireball                       Conjuration/Fire             5
 M - a book of the Warp

   Spells                             Type                      Level
   a - Recall                         Summoning/Translocation      3
   b - Gell's Gravitas                Hexes/Translocation          3
   c - Force Lance                    Conjuration/Translocation    4
   d - Warp Weapon                    Charms/Translocation         5
   e - Summon Forest                  Summoning/Translocation      5
Comestibles
 c - 16 bread rations
 E - 35 fruits
 G - a beef jerky
 J - 15 royal jellies
 W - 3 meat rations


   Skills:
 - Level 10.1 Fighting
 - Level 9.5 Dodging
 - Level 1.7 Stealth
 + Level 8.4 Spellcasting
 + Level 12.6 Conjurations
 + Level 7.0 Summonings
 - Level 8.1 Fire Magic


You had 3 spell levels left.
You knew the following spells:

 Your Spells              Type           Power        Failure   Level  Hunger
a - Fireball              Conj/Fire      ######....   1%          5    None
b - Throw Flame           Conj/Fire      ######       1%          2    None
c - Conjure Flame         Conj/Fire      ######..     1%          3    None
d - Sticky Flame          Conj/Fire      ######..     1%          4    None
f - Force Lance           Conj/Tloc      #####...     2%          4    None
g - Spellforged Servitor  Conj/Summ      ######....   54%         7    None


Dungeon Overview and Level Annotations

Branches:
Dungeon (10/15)            Temple (1/1) D:6            Lair (8/8) D:10
  Swamp (0/4) Lair:5        Snake (0/4) Lair:4        Slime (0/6) Lair:6
    Orc (0/2) D:10

Altars:
Ashenzari
Cheibriados
Dithmenos
Elyvilon
Fedhas
Gozag
Kikubaaqudgha
Makhleb
Nemelex Xobeh
Okawaru
Pakellas
Qazlal
Ru
Sif Muna
Trog
Vehumet
Xom
Yredelemnul
Zin
The Shining One

Shops:
D:4 (   D:9 *

Annotations:
D:10 Darguel's ghost, journeyman TeAE


Innate Abilities, Weirdness & Mutations

You have very sharp fingernails.
You have a pair of horns on your head.
You have razor-sharp toenails.
You are significantly more attuned to the shadows.
You are mostly covered in sharp spines.


Message History

The seven-headed hydra is struck by your spines.
The seven-headed hydra bites you but does no damage.
The seven-headed hydra bites you. x2
The seven-headed hydra closely misses you.
The seven-headed hydra bites you but does no damage.
The seven-headed hydra closely misses you.
The seven-headed hydra bites you! The death yak is struck by your spines.
The death yak gores you! The death yak closely misses you.
The death yak gores you but does no damage.
The black mamba hisses angrily.
The seven-headed hydra is struck by your spines.
The seven-headed hydra bites you!
* * * LOW HITPOINT WARNING * * *
The seven-headed hydra completely misses you.
The seven-headed hydra bites you!
* * * LOW HITPOINT WARNING * * *
The seven-headed hydra bites you!
* * * LOW HITPOINT WARNING * * *
The seven-headed hydra misses you. The seven-headed hydra bites you.
You die...

...#. ...
..... ....
#...##...P.$
#....#...P..
#.#.....PPP.
#....Y#.....
#.#8.DD...P.
#SYY@...P.
#...Y##.....
##.Y.# .....
#Y..## .....
.Y.# ..P..
.P..#


You could see 6 death yaks, 2 seven-headed hydras, a black mamba and a sheep
(wandering).

Vanquished Creatures
  A minotaur (Lab)
  2 hydras
  Erica (D:8)
  Sonja (Lair:1)
  3 hill giants (D:10)
  A griffon (Lair:7)
  13 elephants
  A torpor snail (Lair:7)
  2 black mambas
  2 centaur skeletons (D:10)
  3 rime drakes
  10 spiny frogs
  6 komodo dragons
  A queen bee (Lair:1)
  20 blink frogs
  Prince Ribbit (D:8)
  A polar bear (Lair:4)
  A boulder beetle (Lair:7)
  25 yaks
  A basilisk (Lair:3)
  2 wyverns (D:9)
  5 hippogriffs
  A hungry ghost (D:9)
  2 nagas (Lair:4)
  2 swamp worms (D:10)
  14 water moccasins
  10 porcupines
  2 orc warriors
  2 ice beasts
  A black bear (D:10)
  3 ogres
  A phantom (D:7)
  A wasp (D:9)
  2 necrophages (D:10)
  8 wolves
  9 crocodiles
  8 centaurs
  5 big kobolds
  16 giant frogs
  2 scorpions
  A water moccasin skeleton (D:9)
  22 killer bees
  3 wights (D:10)
  2 electric eels (Lair:3)
  A crimson imp (D:10)
  A centaur zombie (D:9)
  6 hounds
  7 orc priests
  11 orc wizards
  Crazy Yiuf (D:2)
  A giant frog skeleton (D:5)
  5 iguanas
  6 worker ants
  15 sheep
  A hound zombie (D:8)
  4 hound skeletons
  A mummy (D:10)
  3 worker ant zombies
  15 adders
  6 gnolls (D:8)
  39 river rats
  2 shadow imps
  3 adder zombies
  12 worms
  4 dart slugs
  7 giant geckos
  62 orcs
  4 ball pythons
  4 giant cockroaches
  7 goblins
  16 hobgoblins
  4 jackals (D:3)
  5 quokkas
  10 bats
  A giant gecko zombie (D:5)
  5 giant newts
  36 kobolds
  11 rats
  A butterfly (Lair:6)
  3 fungi
  4 plants
544 creatures vanquished.

Vanquished Creatures (others)
  Erolcha (D:8)
  10 fungi
  3 plants
14 creatures vanquished.

Grand Total: 558 creatures vanquished

Notes
Turn   | Place    | Note
--------------------------------------------------------------
     0 | D:1      | Jerry the Demonspawn Fire Elementalist began the quest for the Orb.
     0 | D:1      | Reached XP level 1. HP: 13/13 MP: 3/3
   565 | D:1      | Gained mutation: You have a pair of small horns on your head. [demonic ancestry]
   565 | D:1      | Reached XP level 2. HP: 20/20 MP: 3/5
   569 | D:1      | Learned a level 2 spell: Throw Flame
   582 | D:1      | Reached skill level 1 in Fighting
  1401 | D:2      | Gained mutation: You have sharp fingernails. [demonic ancestry]
  1401 | D:2      | Reached XP level 3. HP: 24/26 MP: 0/6
  1459 | D:2      | Learned a level 3 spell: Conjure Flame
  1709 | D:2      | Noticed Crazy Yiuf
  1716 | D:2      | HP: 1/26 [Crazy Yiuf/quarterstaff of chaos (9)]
  1717 | D:2      | Killed Crazy Yiuf
  1717 | D:2      | Gained mutation: You are partially covered in sharp spines. [demonic ancestry]
  1717 | D:2      | Reached XP level 4. HP: 33/33 MP: 2/8
  2619 | D:3      | Gained mutation: You are mostly covered in sharp spines. [demonic ancestry]
  2619 | D:3      | Reached XP level 5. HP: 38/38 MP: 9/9
  2639 | D:3      | Reached skill level 2 in Conjurations
  3099 | D:3      | Learned a level 4 spell: Sticky Flame
  3214 | D:4      | Found a glowing drain.
  3224 | Sewer    | Entered a sewer
  3467 | Sewer    | Reached XP level 6. HP: 47/47 MP: 11/11
  3724 | D:4      | Found Dyjagi Deto's Antique Weapon Emporium.
  3930 | D:4      | Reached skill level 3 in Conjurations
  4689 | D:5      | Entered Level 5 of the Dungeon
  4726 | D:4      | Gained mutation: You have very sharp fingernails. [demonic ancestry]
  4726 | D:4      | Reached XP level 7. HP: 39/52 MP: 10/12
  5108 | D:5      | Reached skill level 4 in Conjurations
  5384 | D:6      | Found a sparkling altar of Nemelex Xobeh.
  5384 | D:6      | Found a snail-covered altar of Cheibriados.
  5385 | D:6      | Found a stormy altar of Qazlal.
  5567 | D:6      | Reached skill level 5 in Fire Magic
  5628 | D:6      | Gained mutation: You have a pair of horns on your head. [demonic ancestry]
  5628 | D:6      | Reached XP level 8. HP: 48/61 MP: 15/15
  5722 | D:6      | Found a staircase to the Ecumenical Temple.
  6322 | Temple   | Entered the Ecumenical Temple
  6542 | Temple   | Became a worshipper of Vehumet
  6671 | D:7      | Reached skill level 5 in Fighting
  6671 | D:7      | Reached skill level 5 in Spellcasting
  6823 | D:7      | Reached skill level 5 in Conjurations
  7203 | D:8      | Reached * piety under Vehumet
  7203 | D:8      | Offered knowledge of Freeze by Vehumet.
  7246 | D:8      | Gained mutation: You are slightly more attuned to the shadows. [demonic ancestry]
  7246 | D:8      | Reached XP level 9. HP: 69/69 MP: 17/17
  7332 | D:8      | Noticed Erolcha
  7343 | D:8      | Killed Erolcha
  7343 | D:8      | Reached skill level 6 in Conjurations
  7555 | D:8      | Noticed Prince Ribbit
  7563 | D:8      | Killed Prince Ribbit
  7804 | D:8      | Found a blossoming altar of Fedhas.
  8123 | D:8      | Noticed Erica
  8136 | D:8      | Killed Erica
  8136 | D:8      | Reached skill level 7 in Conjurations
  8344 | D:8      | Reached ** piety under Vehumet
  8394 | D:8      | Offered knowledge of Searing Ray by Vehumet.
  8399 | D:8      | Learned a level 2 spell: Searing Ray
  8623 | D:8      | Learned a level 5 spell: Fireball
  8660 | D:9      | Reached XP level 10. HP: 79/79 MP: 17/18
  8929 | D:9      | Found Kecoruo's Assorted Antiques.
  8952 | D:9      | Offered knowledge of Static Discharge by Vehumet.
  9150 | D:9      | Got a fabulously ornate robe
  9161 | D:9      | Identified the cursed +0 robe of Aciduep {rC++} (You found it on level 9 of the Dungeon)
  9251 | D:9      | Reached *** piety under Vehumet
  9252 | D:9      | Reached skill level 8 in Conjurations
  9559 | D:10     | Entered Level 10 of the Dungeon
  9763 | D:10     | Noticed a hill giant
  9800 | D:10     | Killed a hill giant
  9800 | D:10     | Reached skill level 9 in Conjurations
  9917 | D:10     | Offered knowledge of Fulminant Prism by Vehumet.
 10012 | D:10     | Noticed Darguel's ghost (journeyman TeAE)
 10441 | D:10     | Got a distressingly furry scale mail
 10514 | D:10     | Noticed a hill giant
 10523 | D:10     | Killed a hill giant
 10590 | D:10     | Found a staircase to the Lair.
 10633 | D:10     | Noticed a hill giant
 10636 | D:10     | Killed a hill giant
 10636 | D:10     | Gained mutation: You have sharp toenails. [demonic ancestry]
 10636 | D:10     | Reached XP level 11. HP: 89/89 MP: 12/19
 10693 | D:10     | Got a steaming silver amulet
 10753 | D:10     | Reached **** piety under Vehumet
 10758 | D:10     | Offered knowledge of Iskenderun's Mystic Blast by Vehumet.
 10764 | D:10     | Learned a level 4 spell: Force Lance
 10909 | D:10     | Found a staircase to the Orcish Mines.
 11653 | Lair:1   | Entered Level 1 of the Lair of Beasts
 11760 | Lair:1   | Identified the amulet "Dematahy" {Dismiss Str+3} (You took it off an orc on level 10 of the Dungeon)
 11796 | Lair:1   | Noticed Sonja
 11799 | Lair:1   | Killed Sonja
 11799 | Lair:1   | Reached skill level 5 in Dodging
 11921 | Lair:1   | Reached skill level 10 in Fighting
 11927 | Lair:1   | Reached ***** piety under Vehumet
 12079 | Lair:1   | Got a crystal scimitar
 12161 | Lair:1   | Offered knowledge of Spellforged Servitor by Vehumet.
 12161 | Lair:1   | Reached skill level 10 in Conjurations
 12294 | Lair:1   | Identified the cursed +1 scimitar of Terror {slice, rF+} (You found it on level 1 of the Lair of Beasts)
 12899 | Lair:2   | Identified the cursed +1 scale mail of Agnosticism {Int+3} (You found it on level 10 of the Dungeon)
 13270 | Lair:2   | Gained mutation: You are significantly more attuned to the shadows. [demonic ancestry]
 13270 | Lair:2   | Reached XP level 12. HP: 97/97 MP: 22/22
 13941 | Lair:3   | Reached skill level 11 in Conjurations
 14180 | Lair:3   | Learned a level 7 spell: Spellforged Servitor
 14590 | Lair:3   | Found a burning altar of Makhleb.
 14592 | Lair:3   | Offered knowledge of Freezing Cloud by Vehumet.
 14662 | Lair:4   | Reached skill level 1 in Summonings
 15641 | Lair:4   | Found a staircase to the Snake Pit.
 15798 | Lair:4   | Noticed a five-headed hydra
 15802 | Lair:4   | Killed a five-headed hydra
 15934 | Lair:5   | Found a staircase to the Swamp.
 16311 | Lair:4   | Reached skill level 12 in Conjurations
 16504 | Lair:5   | Gained mutation: You have razor-sharp toenails. [demonic ancestry]
 16504 | Lair:5   | Reached XP level 13. HP: 103/103 MP: 25/25
 17038 | Lair:6   | Found a labyrinth entrance.
 17144 | Lab      | Entered a labyrinth
 17402 | Lab      | Noticed a minotaur
 17413 | Lab      | Killed a minotaur
 17413 | Lab      | Reached skill level 5 in Summonings
 17620 | Lair:6   | Found a staircase to the Slime Pits.
 18741 | Lair:7   | Offered knowledge of Iron Shot by Vehumet.
 20127 | Lair:8   | Entered Level 8 of the Lair of Beasts
 20133 | Lair:8   | HP: 2/103 [seven-headed hydra (14)]
 20133 | Lair:8   | Slain by a seven-headed hydra

Skill      XL: |  1  2  3  4  5  6  7  8  9 10 11 12 13 |
---------------+----------------------------------------+-----
Fighting       | 1 2 3 4 5 7 9 10 | 10.1
Fire Magic     | 3 4 5 6 7 8 |  8.1
Spellcasting   | 3 4 5 6 8 |  8.4
Conjurations   | 2 3 4 5 7 9 10 12 | 12.6
Dodging        | 4 6 8 9 |  9.5
Summonings     | 4 7 |  7.0
Stealth        | |  1.7

Action                   |  1- 3 |  4- 6 |  7- 9 | 10-12 | 13-15 || total
-------------------------+-------+-------+-------+-------+-------++-------
Melee: Unarmed           |     1 |       |       |       |       ||     1
       Whip              |     4 |       |       |       |       ||     4
       Headbutt          |     1 |       |     1 |     8 |     5 ||    15
       Hunting sling     |       |       |     1 |       |       ||     1
       Quarterstaff      |       |       |     2 |    22 |       ||    24
       Staff             |       |       |       |    49 |    22 ||    71
       Scimitar          |       |       |       |     5 |       ||     5
 Fire: Hunting sling     |    55 |   158 |   141 |       |       ||   354
 Cast: Flame Tongue      |    31 |     7 |     1 |       |       ||    39
       Throw Flame       |       |    35 |   162 |   210 |    17 ||   424
       Conjure Flame     |       |     4 |    27 |    43 |     3 ||    77
       Sticky Flame      |       |       |     1 |    32 |    21 ||    54
       Searing Ray       |       |       |     1 |     4 |       ||     5
       Fireball          |       |       |       |   127 |    67 ||   194
       Force Lance       |       |       |       |    22 |       ||    22
  Use: Scroll            |     4 |    11 |     8 |    13 |     4 ||    40
       Potion            |       |       |     1 |       |       ||     1
 Stab: Sleeping          |     1 |       |       |       |       ||     1
  Eat: Chunk             |     3 |    10 |    16 |    56 |    10 ||    95
       Beef jerky        |       |       |       |     4 |       ||     4
       Pizza             |       |       |       |     1 |       ||     1
       Fruit             |       |       |       |       |     5 ||     5
Armor: Robe              |    10 |    23 |     8 |    42 |    13 ||    96
Dodge: Dodged            |    23 |    45 |    31 |   141 |    51 ||   291
